PBL
TORONTO BLUE JAYS @ PHILADELPHIA PHILLIES
04/24/2071
 
TOP OF THE 1ST
Toronto Blue Jays batting - Pitching for Philadelphia Phillies : RHP Bryan Porter
Pitching: RHP Bryan Porter
Batting: LHB Mike González 0-0: Foul Ball, location: 7LMF
0-1: DOUBLE (Line Drive, 9LM, EV 98.1 MPH)
Batting: RHB Jesús González 0-0: SINGLE (Line Drive, 7S, EV 96.3 MPH)
Mike González to third
Pitching: RHP Juan Hernández
Batting: LHB John Alcorn 0-0: Called Strike
0-1: Called Strike
0-2: Fly out, F4 (Popup, 13S, EV 78.8 MPH)
Batting: LHB Mels Isabekian 0-0: Called Strike
0-1: Swinging Strike
0-2: Foul Ball, location: 23FF
0-2: Ball
1-2: Ball
2-2: Strikes out looking
Batting: LHB Stan Encell 0-0: Ball
Wild Pitch!
Mike González scores
Jesús González to second
1-0: Ball
2-0: Called Strike
2-1: Foul Ball, location: 2F
2-2: Ball
3-2: Fly out, F9 (Flyball, 9, EV 93.1 MPH)
Top of the 1st over - 1 run, 2 hits, 0 errors, 1 left on base; Toronto 1 - Philadelphia 0
BOTTOM OF THE 1ST
Philadelphia Phillies batting - Pitching for Toronto Blue Jays : RHP Dave Braun
Pitching: RHP Dave Braun
Batting: LHB Iván Ruíz 0-0: Foul Ball, location: 2F
0-1: Ball
1-1: Swinging Strike
1-2: Strikes out swinging
Batting: LHB Alonso Castillo 0-0: Ball
1-0: Ball
2-0: Ball
3-0: Base on Balls
Batting: RHB Armando Gracía 0-0: Ball
1-0: Fly out, F7 (Flyball, 7S, EV 79.4 MPH)
Batting: RHB Bill McBryde 0-0: Ball
1-0: Called Strike
Alonso Castillo steals 2nd base
1-1: Ball
2-1: DOUBLE (Groundball, 3L, EV 106.3 MPH)
Alonso Castillo scores
Batting: RHB Ezra Schneider 0-0: Ball
1-0: Foul Ball, location: 3F
1-1: Foul Ball, location: 2F
1-2: SINGLE (Line Drive, 9S, EV 98.8 MPH)
Bill McBryde to third
Runner from 3rd tries for Home, SAFE, throw by RF to home
Batting: RHB David Paige 0-0: Called Strike
0-1: DOUBLE (Line Drive, 3D, EV 95.0 MPH)
Ezra Schneider to third
Runner from 3rd tries for Home, SAFE, throw by RF to trailing runner, SAFE at third!
Batting: RHB Atas Sekayi 0-0: Foul Ball, location: 5DF
0-1: Ball
1-1: Ball
2-1: Foul Ball, location: 2F
2-2: Ground out 6-3 (Groundball, 6, EV 93.1 MPH)
Bottom of the 1st over - 3 runs, 3 hits, 0 errors, 1 left on base; Toronto 1 - Philadelphia 3
TOP OF THE 2ND
Toronto Blue Jays batting - Pitching for Philadelphia Phillies : RHP Juan Hernández
Batting: LHB Roberto Snyder 0-0: Ball
1-0: Swinging Strike
1-1: Foul Ball, location: 2F
1-2: SINGLE (Line Drive, 89S, EV 99.4 MPH)
Batting: RHB José Ríos 0-0: Ball
1-0: SINGLE (Line Drive, 4D, EV 103.1 MPH)
Roberto Snyder to second
Batting: LHB Mike Whitney 0-0: Swinging Strike
0-1: Foul Ball, location: 2F
0-2: Strikes out swinging
Batting: RHB Sam Hernández 0-0: Called Strike
0-1: Foul Ball, location: 5FF
0-2: Ball
1-2: Strikes out swinging
Batting: LHB Mike González 0-0: Called Strike
0-1: Foul Ball, location: 7LDF
0-2: Ball
1-2: Ball
2-2: Foul Ball, location: 2F
2-2: DOUBLE (Line Drive, 89XD, EV 104.4 MPH)
Roberto Snyder scores
José Ríos to third
Batting: RHB Jesús González 0-0: Ball
1-0: Fly out, F9 (Flyball, 89D, EV 104.4 MPH)
Top of the 2nd over - 1 run, 3 hits, 0 errors, 2 left on base; Toronto 2 - Philadelphia 3
BOTTOM OF THE 2ND
Philadelphia Phillies batting - Pitching for Toronto Blue Jays : RHP Dave Braun
Batting: LHB César Pérez 0-0: Ball
1-0: Ball
2-0: Called Strike
2-1: Ground out U3 (Groundball, 3S, EV 64.4 MPH)
Batting: RHB Vincente López 0-0: Called Strike
0-1: Fly out, F9 (Flyball, 89XD, EV 99.4 MPH)
Batting: LHB Iván Ruíz 0-0: Ball
1-0: Foul Ball, location: 3F
1-1: Called Strike
1-2: Ball
2-2: Foul Ball, location: 5F
2-2: Ball
3-2: Base on Balls
Batting: LHB Alonso Castillo 0-0: Ball
1-0: Called Strike
1-1: Swinging Strike
1-2: Foul Ball, location: 7LSFF
1-2: Fly out, F9 (Flyball, 9, EV 88.8 MPH)
Bottom of the 2nd over - 0 runs, 0 hits, 0 errors, 1 left on base; Toronto 2 - Philadelphia 3
TOP OF THE 3RD
Toronto Blue Jays batting - Pitching for Philadelphia Phillies : RHP Juan Hernández
Batting: LHB John Alcorn 0-0: Swinging Strike
0-1: Swinging Strike
0-2: Foul Ball, location: 9LDF
0-2: Foul Ball, location: 25F
0-2: Foul Ball, location: 2F
0-2: Ball
1-2: DOUBLE (Line Drive, 9LM, EV 100.6 MPH)
Batting: LHB Mels Isabekian 0-0: Ball
1-0: Swinging Strike
1-1: Foul Ball, location: 23F
1-2: Fly out, F9 (Flyball, 89S, EV 77.5 MPH)
Pitching: RHP Fernando Núñez
Batting: LHB Stan Encell 0-0: Foul Ball, location: 7LMF
0-1: Foul Ball, location: 2F
0-2: Ball
1-2: SINGLE (Groundball, 34D, EV 95.6 MPH)
John Alcorn to third
Runner from 3rd tries for Home, SAFE, throw by RF to home
Batting: LHB Roberto Snyder 0-0: Ball
1-0: Foul Ball, location: 2F
1-1: Ball
2-1: Ball
3-1: Base on Balls
Stan Encell to second
Batting: RHB José Ríos 0-0: Called Strike
0-1: Called Strike
0-2: Foul Ball, location: 2F
0-2: Strikes out swinging
Batting: LHB Mike Whitney 0-0: Ball
1-0: Ground out U3 (Groundball, 23, EV 90.0 MPH)
Top of the 3rd over - 1 run, 2 hits, 0 errors, 2 left on base; Toronto 3 - Philadelphia 3
BOTTOM OF THE 3RD
Philadelphia Phillies batting - Pitching for Toronto Blue Jays : RHP Dave Braun
Batting: RHB Armando Gracía 0-0: Called Strike
0-1: Ball
1-1: Swinging Strike
1-2: Ball
2-2: Foul Ball, location: 2F
2-2: Fly out, F7 (Flyball, 7S, EV 89.4 MPH)
Batting: RHB Bill McBryde 0-0: Foul Ball, location: 9LDF
0-1: Ball
1-1: Foul Ball, location: 2F
1-2: Strikes out swinging
Batting: RHB Ezra Schneider 0-0: Called Strike
0-1: Foul Ball, location: 25F
0-2: SOLO HOME RUN (Flyball, 78XD, EV 107.5 MPH), Distance : 408 ft
Batting: RHB David Paige 0-0: Ball
1-0: Called Strike
1-1: Ball
2-1: Called Strike
2-2: DOUBLE (Line Drive, 8LXD, EV 97.5 MPH)
Batting: RHB Atas Sekayi 0-0: Ball
1-0: Ground out 6-3 (Groundball, 6S, EV 86.9 MPH)
Bottom of the 3rd over - 1 run, 2 hits, 0 errors, 1 left on base; Toronto 3 - Philadelphia 4
TOP OF THE 4TH
Toronto Blue Jays batting - Pitching for Philadelphia Phillies : RHP Fernando Núñez
Batting: RHB Sam Hernández 0-0: Ball
1-0: Foul Ball, location: 2F
1-1: Called Strike
1-2: Foul Ball, location: 3F
1-2: Strikes out looking
Batting: LHB Mike González 0-0: Swinging Strike
0-1: Swinging Strike
0-2: Strikes out looking
Batting: RHB Jesús González 0-0: Ball
1-0: Ball
2-0: Called Strike
2-1: Called Strike
2-2: Foul Ball, location: 5DF
2-2: SINGLE (Line Drive, 3D, EV 100.6 MPH)
Batting: LHB John Alcorn 0-0: Foul Ball, location: 2F
0-1: Ball
1-1: Fly out, F9 (Flyball, 89D, EV 105.6 MPH)
Top of the 4th over - 0 runs, 1 hit, 0 errors, 1 left on base; Toronto 3 - Philadelphia 4
BOTTOM OF THE 4TH
Philadelphia Phillies batting - Pitching for Toronto Blue Jays : RHP Dave Braun
Batting: LHB César Pérez 0-0: Ball
1-0: Called Strike
1-1: Foul Ball, location: 25FF
1-2: DOUBLE (Flyball, 78D, EV 105.6 MPH)
Batting: RHB Vincente López 0-0: Ball
1-0: Ball
2-0: Called Strike
2-1: Foul Ball, location: 23F
2-2: Ball
3-2: Base on Balls
Batting: LHB Iván Ruíz 0-0: Swinging Strike
0-1: Ball
1-1: Ball
2-1: Ball
3-1: Swinging Strike
3-2: Foul Ball, location: 5DF
3-2: Base on Balls
César Pérez to third
Vincente López to second
Batting: LHB Alonso Castillo 0-0: Swinging Strike
0-1: Ball
1-1: Ball
2-1: Foul Ball, location: 2F
2-2: Fielders Choice at 2nd, 4-6 (Groundball, 4S, EV 85.0 MPH)
César Pérez scores
Vincente López to third
Pitching: RHP Mark Fletcher
Batting: RHB Armando Gracía 0-0: Called Strike
0-1: Fly out, F4 (Popup, 4D, EV 55.0 MPH)
Batting: RHB Bill McBryde 0-0: Called Strike
0-1: Ball
1-1: Fly out, F8 (Flyball, 8LD, EV 110.6 MPH)
Bottom of the 4th over - 1 run, 1 hit, 0 errors, 2 left on base; Toronto 3 - Philadelphia 5
TOP OF THE 5TH
Toronto Blue Jays batting - Pitching for Philadelphia Phillies : RHP Fernando Núñez
Batting: LHB Mels Isabekian 0-0: Swinging Strike
0-1: Ball
1-1: Called Strike
1-2: Foul Ball, location: 2F
1-2: Ball
2-2: Strikes out swinging
Batting: LHB Stan Encell 0-0: Ball
1-0: Ball
2-0: Called Strike
2-1: Ball
3-1: Base on Balls
Batting: LHB Roberto Snyder 0-0: Ball
1-0: Fly out, F9 (Flyball, 9, EV 78.8 MPH)
Batting: RHB José Ríos 0-0: Swinging Strike
0-1: Ball
1-1: Foul Ball, location: 5SF
1-2: Foul Ball, location: 2F
1-2: Strikes out swinging
Top of the 5th over - 0 runs, 0 hits, 0 errors, 1 left on base; Toronto 3 - Philadelphia 5
BOTTOM OF THE 5TH
Philadelphia Phillies batting - Pitching for Toronto Blue Jays : RHP Mark Fletcher
Batting: RHB Ezra Schneider 0-0: Ball
1-0: Called Strike
1-1: Called Strike
1-2: Foul Ball, location: 5DF
1-2: Foul Ball, location: 5FF
1-2: Foul Ball, location: 2F
1-2: Ball
2-2: Ball
3-2: Base on Balls
Batting: RHB David Paige 0-0: Ball
1-0: Fly out, F8 (Line Drive, 8RS, EV 95.6 MPH)
Batting: RHB Atas Sekayi 0-0: Called Strike
0-1: Ball
1-1: Fly out, F4 (Popup, 4MD, EV 70.6 MPH)
Batting: LHB César Pérez 0-0: Ball
1-0: Foul Ball, location: 3F
1-1: Called Strike
1-2: SINGLE (Groundball, 4MD, EV 103.1 MPH)
Ezra Schneider to second
Batting: RHB Vincente López 0-0: Ball
1-0: Ball
2-0: Fly out, F6 (Line Drive, 6M, EV 66.3 MPH)
Bottom of the 5th over - 0 runs, 1 hit, 0 errors, 2 left on base; Toronto 3 - Philadelphia 5
TOP OF THE 6TH
Toronto Blue Jays batting - Pitching for Philadelphia Phillies : RHP Fernando Núñez
Batting: LHB Mike Whitney 0-0: Called Strike
0-1: Ball
1-1: Ball
2-1: SINGLE (Line Drive, 4D, EV 96.3 MPH)
Pitching: RHP Nacho Hernández
Batting: RHB Sam Hernández
Pinch Hitting: RHB Sam Childress 0-0: Ball
1-0: Bunt missed!
1-1: Ball
2-1: Ball
3-1: Fly out, F4 (Popup, 4S, EV 35.0 MPH)
Batting: LHB Mike González 0-0: Ball
1-0: Ball
2-0: SINGLE (Groundball, 34D, EV 108.1 MPH)
Mike Whitney to second
Runner from 2nd tries for 3rd, SAFE, no throw by RF
Batting: RHB Jesús González 0-0: Grounds into double play, 6-4-3 (Groundball, 56, EV 88.1 MPH)
Top of the 6th over - 0 runs, 2 hits, 0 errors, 1 left on base; Toronto 3 - Philadelphia 5
BOTTOM OF THE 6TH
Philadelphia Phillies batting - Pitching for Toronto Blue Jays : RHP Mark Fletcher
Now in CF: Luis Román
Batting: LHB Iván Ruíz 0-0: Ball
1-0: Foul Ball, location: 3F
1-1: Ground out 6-3 (Groundball, 6, EV 91.3 MPH)
Batting: LHB Alonso Castillo 0-0: Ball
1-0: Called Strike
1-1: Fly out, F8 (Flyball, 8RXD, EV 94.4 MPH)
Batting: RHB Armando Gracía 0-0: Ball
1-0: Ball
2-0: Called Strike
2-1: Ball
3-1: Foul Ball, location: 23FF
3-2: Base on Balls
Pitching: RHP José Hernández
Batting: RHB Bill McBryde 0-0: Ball
1-0: Ball
2-0: Called Strike
2-1: Swinging Strike
2-2: Ball
3-2: DOUBLE (Line Drive, 7LS, EV 96.3 MPH)
Armando Gracía to third
Armando Gracía scores
Batting: RHB Ezra Schneider 0-0: Called Strike
0-1: Foul Ball, location: 2F
0-2: Ball
1-2: Foul Ball, location: 2F
1-2: Foul Ball, location: 2F
1-2: SINGLE (Line Drive, 89S, EV 101.3 MPH)
Bill McBryde to third
Runner from 3rd tries for Home, SAFE, throw by RF to home
Batting: RHB David Paige 0-0: Ball
1-0: Called Strike
1-1: Fly out, F9 (Line Drive, 9S, EV 90.0 MPH)
Bottom of the 6th over - 2 runs, 2 hits, 0 errors, 1 left on base; Toronto 3 - Philadelphia 7
TOP OF THE 7TH
Toronto Blue Jays batting - Pitching for Philadelphia Phillies : RHP Nacho Hernández
Batting: LHB John Alcorn 0-0: Swinging Strike
0-1: Ball
1-1: Ball
2-1: Foul Ball, location: 2F
2-2: Strikes out swinging
Batting: LHB Mels Isabekian 0-0: Called Strike
0-1: Ball
1-1: Ball
2-1: Foul Ball, location: 5SF
2-2: Fly out, F8 (Line Drive, 8RS, EV 91.3 MPH)
Batting: LHB Stan Encell 0-0: Ball
1-0: Ball
2-0: Foul Ball, location: 7LMF
2-1: Swinging Strike
2-2: Strikes out swinging
Top of the 7th over - 0 runs, 0 hits, 0 errors, 0 left on base; Toronto 3 - Philadelphia 7
BOTTOM OF THE 7TH
Philadelphia Phillies batting - Pitching for Toronto Blue Jays : RHP José Hernández
Batting: RHB Atas Sekayi 0-0: Ball
1-0: Called Strike
1-1: Foul Ball, location: 9LMF
1-2: Strikes out looking
Batting: LHB César Pérez 0-0: Foul Ball, location: 9LMF
0-1: Ball
1-1: Swinging Strike
1-2: Ball
2-2: Ball
3-2: Foul Ball, location: 2F
3-2: Ground out U3 (Groundball, 3L, EV 91.3 MPH)
Batting: RHB Vincente López 0-0: Ball
1-0: Ball
2-0: Ball
3-0: Called Strike
3-1: SINGLE (Line Drive, 7S, EV 106.9 MPH)
Pitching: RHP Bob Hunt
Batting: LHB Iván Ruíz 0-0: Fly out, F4 (Line Drive, 4, EV 64.4 MPH)
Bottom of the 7th over - 0 runs, 1 hit, 0 errors, 1 left on base; Toronto 3 - Philadelphia 7
TOP OF THE 8TH
Toronto Blue Jays batting - Pitching for Philadelphia Phillies : RHP Nacho Hernández
Batting: LHB Roberto Snyder 0-0: Called Strike
0-1: Foul Ball, location: 2F
0-2: Ground out 4-3 (Groundball, 34, EV 101.9 MPH)
Batting: RHB José Ríos 0-0: Foul Ball, location: 2F
0-1: Ball
1-1: Ball
2-1: Ground out 5-3 (Groundball, 56, EV 85.0 MPH)
Batting: LHB Mike Whitney 0-0: Called Strike
0-1: Ball
1-1: Ball
2-1: DOUBLE (Line Drive, 78D, EV 101.9 MPH)
Batting: RHB Luis Román 0-0: Ball
1-0: Foul Ball, location: 25FF
1-1: Ball
2-1: Fly out, F8 (Line Drive, 8RD, EV 87.5 MPH)
Top of the 8th over - 0 runs, 1 hit, 0 errors, 1 left on base; Toronto 3 - Philadelphia 7
BOTTOM OF THE 8TH
Philadelphia Phillies batting - Pitching for Toronto Blue Jays : RHP Bob Hunt
Batting: LHB Alonso Castillo 0-0: Ball
1-0: Swinging Strike
1-1: Ball
2-1: Ball
3-1: Base on Balls
Batting: RHB Armando Gracía 0-0: Ball
1-0: Foul Ball, location: 2LF
1-1: DOUBLE (Groundball, 5L, EV 103.1 MPH)
Alonso Castillo to third
Batting: RHB Bill McBryde 0-0: Ball
1-0: Called Strike
1-1: Foul Ball, location: 2F
1-2: Ball
2-2: Strikes out swinging
Batting: RHB Ezra Schneider 0-0: Ball
1-0: Called Strike
1-1: Swinging Strike
1-2: Foul Ball, location: 7LSF
1-2: Ball
2-2: Fly out, F3 (Popup, 34, EV 76.9 MPH)
Batting: RHB David Paige 0-0: Ball
1-0: Ball
2-0: Ground out 4-3 (Groundball, 4S, EV 86.9 MPH)
Bottom of the 8th over - 0 runs, 1 hit, 0 errors, 2 left on base; Toronto 3 - Philadelphia 7
TOP OF THE 9TH
Toronto Blue Jays batting - Pitching for Philadelphia Phillies : RHP Nacho Hernández
Pitching: RHP An-yan Hoong
Batting: LHB Mike González 0-0: Called Strike
0-1: Called Strike
0-2: DOUBLE (Flyball, 78D, EV 103.1 MPH)
Batting: RHB Jesús González 0-0: Ball
1-0: Ball
2-0: Ball
3-0: Called Strike
3-1: Ground out 6-3 (Groundball, 6S, EV 72.5 MPH)
Mike González to third
Batting: LHB John Alcorn 0-0: Ball
1-0: Ball
2-0: Ball
3-0: Base on Balls
Pitching: RHP Ids Keijzer
Batting: LHB Mels Isabekian 0-0: Called Strike
0-1: Ball
1-1: Ball
2-1: Swinging Strike
2-2: Ball
3-2: 3-RUN HOME RUN (Flyball, 9LD, EV 98.1 MPH), Distance : 353 ft
Batting: LHB Stan Encell 0-0: Foul Ball, location: 7LDF
0-1: Called Strike
0-2: Foul Ball, location: 9LMFF
0-2: Ground out 6-3 (Groundball, 6M, EV 93.8 MPH)
Batting: LHB Roberto Snyder 0-0: Foul Ball, location: 5DF
0-1: Ball
1-1: Called Strike
1-2: Strikes out swinging
Top of the 9th over - 3 runs, 2 hits, 0 errors, 0 left on base; Toronto 6 - Philadelphia 7
Wednesday, April 10th , 2024 - OOTP Baseball 24.10 Build 82